 Dungeon Crawl Stone Soup version 0.19-a0-1091-g463c9de (webtiles) character file.

66 Gorice the Stinger (level 3, -1/24 HPs)
             Began as a Demonspawn Venom Mage on Aug 7, 2016.
             Shot with a stone by a gnoll (7 damage)
             ... on level 2 of the Dungeon.
             The game lasted 00:07:09 (1698 turns).

Gorice the Stinger (Demonspawn Venom Mage)          Turns: 1698, Time: 00:07:09

Health: -1/24      AC:  1    Str:  9    XL:     3   Next: 96%
Magic:  6/6        EV: 11    Int: 16    God:
Gold:   85         SH:  0    Dex: 13    Spells: 1 memorised, 5 levels left

rFire  . . .     SeeInvis .     a - +3 whip
rCold  . . .     Gourm    .     h - -2 leather armour (curse)
rNeg   . . .     Faith    .     (no shield)
rPois  .         Spirit   .     (no helmet)
rElec  .         Dismiss  .     (no cloak)
rCorr  .         Reflect  .     (no gloves)
SustAt .         Harm     .     (no boots)
MR     .....                    (no amulet)
Stlth  ++........               (no ring)
                                (no ring)

@:
A: talons 1, demonic guardian 1
a: no special abilities


You were on level 2 of the Dungeon.
You were not hungry.

You visited 1 branch of the dungeon, and saw 2 of its levels.

You collected 85 gold pieces.

Inventory:

Hand Weapons
 a - a +3 whip (weapon)
Missiles
 i - 4 poisoned needles
 q - 6 javelins (quivered)
 Z - 12 stones
Armour
 g - a +0 robe
 h - a cursed -2 leather armour (worn)
 l - a +0 ring mail
 m - a +0 chain mail
Wands
 d - a wand of hasting (1/9) {!d}
Scrolls
 j - a scroll of teleportation {unknown}
 o - a scroll of identify {unknown}
 p - a scroll of recharging
Potions
 e - a potion of brilliance {unknown}
 f - a potion of curing {unknown}
 k - 2 potions of might {unknown}
Books
 b - a Young Poisoner's Handbook
Comestibles
 c - a bread ration {!e}
 n - 7 chunks of flesh


   Skills:
 - Level 1.7 Dodging
 - Level 1.7 Stealth
 + Level 2.4 Spellcasting
 * Level 3.2 Conjurations
 - Level 4.0 Poison Magic


You had 5 spell levels left.
You knew the following spells:

 Your Spells              Type           Power        Failure   Level  Hunger
a - Sting                 Conj/Pois      ##..         10%         1    #......


Dungeon Overview and Level Annotations

Branches:
Dungeon (2/15)

Altars:
Yredelemnul


Innate Abilities, Weirdness & Mutations

You have sharp toenails.
A weak demonic guardian rushes to your aid.


Message History

Aiming: Sting
Press: ? - help, Shift-Dir - straight line, f/p - worm
Aim: a worm (moderately wounded, poisoned)
The sting hits the worm.
The worm looks even sicker.
The worm is heavily wounded.
Casting: Sting
Confirm with . or Enter, or press ? or * to list all spells.
Aiming: Sting
Press: ? - help, Shift-Dir - straight line, f/p - worm
Aim: a worm (heavily wounded, poisoned)
The sting hits the worm.
The worm looks even sicker.
The worm is almost dead.
You kill the worm!
You see here a worm corpse.
You butcher the worm corpse.
n - 7 chunks of flesh (gained 3)
A gnoll comes into view. It is wielding a spear.
You start resting.
Magic restored. 2 gnolls come into view.
Found a stone staircase leading down.
The gnoll moves out of view.
Casting: Sting
Confirm with . or Enter, or press ? or * to list all spells.
Aiming: Sting
Press: ? - help, Shift-Dir - straight line, f - gnoll
Aim: a gnoll, wielding a club (hasn't noticed you)
The sting misses the gnoll.
The gnoll shouts!
The gnoll unwields an uncursed club.
The gnoll wields a glowing hunting sling.
It bursts into flame!
The gnoll shoots a stone.
The stone hits you! The stone burns you.
An adder comes into view.
Damage: 9 (max 9)
The gnoll shoots a stone.
The stone closely misses your crimson imp.
The stone hits you!
* * * LOW HITPOINT WARNING * * *
The stone burns you.
* * * LOW HITPOINT WARNING * * *
You see here a stone.
The gnoll shoots a stone.
The stone hits your crimson imp!
Damage: 9 (max 9)
Casting: Sting
Confirm with . or Enter, or press ? or * to list all spells.
You can't see any susceptible monsters within range! (Use Z to cast anyway.)
Your crimson imp blinks!
The gnoll shoots a stone.
The stone hits you!
You die...

...# #..########
#.........# ##.######.#
#.# #.# #.# #.# #.# #.#
##.#
####)##############
.#.#
#..........@5.....#####
...#
#.##...#####..).......#
.### # #...#
#.####.###.# .# ##.##
#ยง# #.# .# #.# #(# #.#
.# #.# #(####.# .# #.#
#......# .# ...
#g###### .. S #.#


You could see a gnoll and a friendly crimson imp.

Vanquished Creatures
  3 adders (D:2)
  A worm (D:2)
  2 giant geckos
  3 bats
  6 giant cockroaches
  5 goblins
  A hobgoblin (D:1)
  3 giant newts (D:1)
  5 kobolds
  6 rats
  A spectral orc (D:2)
36 creatures vanquished.

Notes
Turn   | Place    | Note
-------+----------+-------------------------------------------
     0 | D:1      | Gorice the Demonspawn Venom Mage began the quest for the Orb.
     0 | D:1      | Reached XP level 1. HP: 13/13 MP: 3/3
    80 | D:1      | Reached skill level 1 in Conjurations
   187 | D:1      | Gained mutation: A weak demonic guardian rushes to your aid. [demonic ancestry]
   187 | D:1      | Reached XP level 2. HP: 16/19 MP: 0/5
   358 | D:1      | Reached skill level 2 in Conjurations
   836 | D:2      | Gained mutation: You have sharp toenails. [demonic ancestry]
   836 | D:2      | Reached XP level 3. HP: 12/24 MP: 1/6
  1111 | D:2      | Found a basalt altar of Yredelemnul.
  1224 | D:2      | Reached skill level 3 in Conjurations
  1230 | D:2      | HP: 7/24 [poisoned by an adder]
  1236 | D:2      | HP: 6/24 [poisoned by an adder]
  1244 | D:2      | HP: 5/24 [poisoned by an adder]
  1693 | D:2      | HP: 7/24 [gnoll/stone (8)]
  1698 | D:2      | Shot with a stone by a gnoll

Vault maps used:
D:1:      minmay_arrival_up_and_down
D:2:      yredelemnul_forgotten_temple_becter

Skill      XL: |  1  2  3 |
---------------+----------+-----
Conjurations   | 1 2 3 |  3.2
Dodging        | |  1.7
Stealth        | |  1.7
Spellcasting   | |  2.4
Poison Magic   | |  4.0

Action                   || total
-------------------------++-------
Melee: Unarmed           ||    15
       Whip              ||    20
       Kick              ||     1
 Cast: Sting             ||    70
  Use: Scroll            ||     2
 Stab: Sleeping          ||     1
  Eat: Chunk             ||     3
Armor: Robe              ||     8
       Leather armour    ||     3
Dodge: Dodged            ||    47

Table legend:
 A = Turns spent in this place as a percentage of turns spent in the entire game.
 B = Non-inter-level travel turns spent in this place as a percentage of non-inter-level travel turns spent in the entire game.
 C = Inter-level travel turns spent in this place as a percentage of turns spent in this place.
 D = Turns resting spent in this place as a percentage of non-inter-level travel turns spent in this place.
 E = Turns spent auto-exploring this place as a percentage of non-inter-level travel turns spent in this place.
 F = Non-inter-level travel turns spent in this place divided by the number of levels of this place that you've seen.
                   A       B       C       D       E      F
               +-------+-------+-------+-------+-------+----------------------
         Total | 100.0 | 100.0 |   0.3 |   3.0 |   4.1 | 302.0
       Dungeon | 100.0 | 100.0 |   0.3 |   3.0 |   4.1 | 302.0
               +-------+-------+-------+-------+-------+----------------------

Vault maps used:
D:1:      minmay_arrival_up_and_down
D:2:      yredelemnul_forgotten_temple_becter
